 Dungeon Crawl Stone Soup version 0.31-a0-675-g238779eb0a (webtiles) character file.

Game seed: 2977135632199305261

34 Essalna the Conjurer (level 3, -3/24 HPs)
             Began as a Demonspawn Conjurer on Sept 5, 2023.
             Slain by Terence
             ... wielding a +0 falchion
              (8 damage)
             ... on level 2 of the Dungeon.
             The game lasted 00:02:07 (700 turns).

Essalna the Conjurer (Demonspawn Conjurer)           Turns: 700, Time: 00:02:08

Health: -3/24      AC:  5    Str:  7    XL:     3   Next: 14%
Magic:  7/7        EV: 12    Int: 21    God:
Gold:   39         SH:  0    Dex: 11    Spells: 6/7 levels left

rFire   . . .        f - +0 short sword (vamp)
rCold   + . .        (no shield)
rNeg    . . .        a - +0 robe
rPois   +            (no helmet)
rElec   .            (no cloak)
rCorr   .            (no gloves)
SInv    .            m - +0 pair of boots
Will    .....        (no amulet)
Stlth   ++           h - ring of poison resistance
HPRegen 0.24/turn    n - ring of protection from cold
MPRegen 0.10/turn

%: no passive effects
@: no status effects
A: thin metallic scales 1, spiny 1
a: no special abilities


You were on level 2 of the Dungeon.
You visited 1 branch of the dungeon, and saw 2 of its levels.

You collected 39 gold pieces.

Inventory:

Hand Weapons
 f - a +0 vampiric short sword (weapon)
Armour
 a - a +0 robe (worn)
 m - a +0 pair of boots (worn)
Jewellery
 h - a ring of poison resistance (left hand)
 n - a ring of protection from cold (right hand)
Scrolls
 e - a scroll of poison {unknown}
 g - a scroll of identify {unknown}
 k - a scroll of blinking {unknown}
 l - 2 scrolls of immolation {unknown}
Potions
 b - a potion of magic
 d - a potion of ambrosia {unknown}
 i - a potion of invisibility {unknown}
 j - a potion of mutation {unknown}


   Skills:
 - Level 1.7 Dodging
 - Level 1.7 Stealth
 + Level 2.8 Spellcasting
 + Level 4.5 Conjurations


You had 6 spell levels left.
You knew the following spells:

 Your Spells              Type           Power      Damage    Failure   Level
a - Magic Dart            Conj           88%        1d7       1%          1

Your spell library contained the following spells:

 Spells                   Type           Power      Damage    Failure   Level
 Searing Ray              Conj           44%        2d6       3%          2
 Dazzling Flash           Conj/Hex       24%        N/A       16%         3
 Fulminant Prism          Conj/Hex       6%         3d6       47%         4
 Iskenderun's Mystic Bla  Conj/Tloc      12%        2d5       47%         4


Dungeon Overview and Level Annotations

Branches:
Dungeon (2/15)

Altars:

Annotations:
D:2 Terence


Innate Abilities, Weirdness & Mutations

You are partially covered in thin metallic scales. (AC +2)
You are partially covered in sharp spines.


Message History

Terence screams, "I want your blood!" Terence attacks as he pursues you!
Terence is struck by your spines. Terence hits you with a +0 falchion.
* * * LOW HITPOINT WARNING * * *
Terence attacks as he pursues you! Terence closely misses you.
Terence attacks as he pursues you! Terence barely misses you.
There is a stone staircase leading up here.
Okay, then.
You see here a frilled lizard corpse.
You see here a +0 mace.
Terence attacks as he pursues you! Terence closely misses you.
Terence attacks as he pursues you! Terence is struck by your spines.
Terence misses you.
There is a stone staircase leading up here.
Terence attacks as he pursues you! Terence hits you with a +0 falchion.
Terence attacks as he pursues you! Terence closely misses you.
Terence hits you with a +0 falchion.
* * * LOW HITPOINT WARNING * * *
Terence attacks as he pursues you! Terence closely misses you.
Terence attacks as he pursues you! Terence hits you with a +0 falchion.
* * * LOW HITPOINT WARNING * * *
Okay, then.
Casting: Magic Dart (safe; 1% risk of failure)
Confirm with . or Enter, or press ? or * to list all spells.
You don't know that spell.
Unknown command.
You are too injured to fight recklessly!
Hit: f) +0 short sword (vamp)
Press: ? - help, Dir - move target, f - Terence
Aim: Terence, wielding a +0 falchion and wearing a +0 scale mail (moderately wounded, about 39% to evade your +0 vampiric short sword)
You hit Terence but do no damage.
Terence is moderately wounded.
Terence misses you.
Hit: f) +0 short sword (vamp)
Press: ? - help, Dir - move target, f/p - Terence
Aim: Terence, wielding a +0 falchion and wearing a +0 scale mail (moderately wounded, about 39% to evade your +0 vampiric short sword)
You hit Terence but do no damage.
Terence is moderately wounded.
Terence hits you with a +0 falchion!
You die...

### ...# ## #..## .#...#
#######.....
.#...##########...........
.+........................
.#(.........##..@.........
##..........##.@...#....
##.#... #........####.#
...#.######.#...........#
.............<†)#.####..#
#####......#....#.# .
###.#......#.)....#####
..#.'................^..
♣)#.#......#....########


You could see Terence.

Vanquished Creatures
  3 endoplasms
  A giant cockroach (D:2)
  6 goblins
  A hobgoblin (D:1)
  5 kobolds (D:1)
  2 quokkas (D:1)
  2 ball pythons
  3 bats (D:1)
  5 frilled lizards
  4 rats (D:1)
32 creatures vanquished.

Notes
Turn   | Place    | Note
-------+----------+-------------------------------------------
     0 | D:1      | Essalna the Demonspawn Conjurer began the quest for the
                  | Orb.
     0 | D:1      | Reached XP level 1. HP: 13/13 MP: 3/3
   151 | D:1      | Gained mutation: You are partially covered in sharp spines.
                  | [demonic ancestry]
   151 | D:1      | Reached XP level 2. HP: 19/19 MP: 1/5
   319 | D:1      | Found a faded altar of an unknown god.
   561 | D:2      | Gained mutation: You are partially covered in thin metallic
                  | scales. (AC +2) [demonic ancestry]
   561 | D:2      | Reached XP level 3. HP: 21/24 MP: 7/7
   654 | D:2      | Noticed Terence
   700 | D:2      | Slain by Terence

Illustrated notes

Levels and vault maps discovered:
D:1:      amcnicky_arrival_double_pillar, layout_rooms,
          shapermc_ecumenical_altar_acropolis
D:2:      layout_basic, glass_columns_c, kennysheep_nondescript, uniq_terence

Action                     || total
---------------------------++-------
  Melee: Unarmed           ||     6
         Short sword       ||    43
   Cast: Magic Dart        ||    12
    Use: Potion            ||     1
 Armour: Robe              ||    29
  Dodge: Dodged            ||    33

Table legend: (Time is in decaauts)
 A = Elapsed time spent in this place.
 B = Non-inter-level travel time spent in this place.
 C = Inter-level travel time spent in this place.
 D = Time resting spent in this place.
 E = Time spent auto-exploring this place.
 F = Levels seen in this place.
 G = Mean time per level.
                   A        B        C        D        E       F      G
               +--------+--------+--------+--------+--------+-----+--------+
         Total |    698 |    680 |     18 |      0 |    475 |   2 |  349.0 |
       Dungeon |    698 |    680 |     18 |      0 |    475 |   2 |  349.0 |
               +--------+--------+--------+--------+--------+-----+--------+

Top non-repeatable levels by time:
     D:1: 551 daAuts
     D:2: 147 daAuts
